 Dungeon Crawl Stone Soup version 0.26-a0-30-g56b8cd3df0 (webtiles) character file.

Game seed: 6898425130473147932, levelgen mode: deterministic

3537 vurker the Thaumaturge (level 9, -4/75 HPs)
             Began as a Demigod Wizard on June 3, 2020.
             Slain by a yak (16 damage)
             ... on level 8 of the Dungeon.
             The game lasted 00:12:31 (9977 turns).

vurker the Thaumaturge (Demigod Wizard)             Turns: 9977, Time: 00:12:32

Health: -4/75      AC:  4    Str: 10    XL:     9   Next: 53%
Magic:  13/26      EV: 12    Int: 28    God:
Gold:   361        SH:  0    Dex: 14    Spells: 20/25 levels left

rFire    . . .     SeeInvis .   v - +0 whip (flame)
rCold    . . .     Gourm    .   (no shield)
rNeg     . . .     Faith    .   a - +0 robe
rPois    .         Spirit   .   b - +0 hat
rElec    .         Reflect  .   j - +0 cloak
rCorr    .         Harm     .   f - +0 pair of gloves
MR       +....                  (no boots)
Stlth    ++........             y - amulet of the acrobat
HPRegen  0.22/turn              r - ring of protection from magic
MPRegen  0.20/turn              (no ring)

@: mighty, very slightly contaminated
A: high mp 1
a: no special abilities


You were on level 8 of the Dungeon.
You were not hungry.

You visited 1 branch of the dungeon, and saw 8 of its levels.

You collected 361 gold pieces.

Inventory:

Hand Weapons
 c - a +0 dagger
   (You took it off a goblin on level 1 of the Dungeon)
 v - a +0 whip of flaming (weapon)
   (You took it off Pikel on level 5 of the Dungeon)
Armour
 a - a +0 robe (worn)
 b - a +0 hat (worn)
 f - a +0 pair of gloves (worn)
   (You found it on level 6 of the Dungeon)
 j - a +0 cloak (worn)
   (You found it on level 1 of the Dungeon)
Jewellery
 r - a ring of protection from magic (left hand)
   (You found it on level 4 of the Dungeon)
 y - an amulet of the acrobat (around neck)
   (You found it on level 8 of the Dungeon)
 C - an uncursed ring of fire
   (You found it on level 8 of the Dungeon)
Wands
 d - a wand of iceblast (3)
   (You found it on level 8 of the Dungeon)
 t - a wand of flame (23)
   (You took it off Pikel on level 5 of the Dungeon)
Scrolls
 g - a scroll of magic mapping
 h - a scroll of noise {unknown}
 l - 2 scrolls of amnesia {unknown}
 m - a scroll of fear
 n - 3 scrolls of remove curse
 s - 4 scrolls of teleportation
 x - 2 scrolls of blinking {unknown}
 A - a scroll of vulnerability {unknown}
Potions
 i - 5 potions of ambrosia
 k - 5 potions of curing
 u - 2 potions of cancellation
 w - 4 potions of lignification
Comestibles
 e - 21 rations


   Skills:
 + Level 6.2 Fighting
 - Level 1.7 Dodging
 - Level 1.7 Stealth
 * Level 8.8 Spellcasting
 + Level 6.6 Conjurations
 - Level 0.8 Summonings
 - Level 0.8 Translocations


You had 20 spell levels left.
You knew the following spells:

 Your Spells              Type           Power        Failure   Level  Hunger
a - Magic Dart            Conj           ####         1%          1    None
b - Call Imp              Summ           ###.....     4%          2    None
w - Blink                 Tloc           N/A          4%          2    None

Your spell library contained the following spells:

 Spells                   Type           Power        Failure   Level  Hunger
 Conjure Flame            Conj/Fire      ####....     3%          3    None
 Mephitic Cloud           Conj/Pois/Air  ###.....     5%          3    None
 Slow                     Hex            ##......     7%          2    None


Dungeon Overview and Level Annotations

Branches:
Dungeon (8/15)             Temple (0/1) D:4
   Lair: D:8-11

Shops:
D:4 =


Innate Abilities, Weirdness & Mutations

You have an increased reservoir of magic. (+10% MP)


Message History

You feel sick.
You feel sick.
You feel sick.
Your transformation is almost over.
You feel sick.
You feel sick.
You feel sick.
The yak is too close now for your liking.
Aim: a yak (heavily wounded, wandering, hasn't noticed you)
The magic dart hits the yak but does no damage.
You feel less wooden.
Your +0 cloak unmelds from your body.
Your +0 hat unmelds from your body.
Your +0 pair of gloves unmelds from your body.
Your +0 robe unmelds from your body.
Aim: a yak (heavily wounded, wandering, hasn't noticed you)
The magic dart hits the yak but does no damage.
You feel sick.
Aim: a yak (heavily wounded, wandering, hasn't noticed you)
The magic dart hits the yak.
You flicker for a moment.
Aim: a yak (heavily wounded, wandering, hasn't noticed you)
The magic dart hits the yak but does no damage.
Aim: a yak (heavily wounded, wandering, hasn't noticed you)
The magic dart hits the yak but does no damage.
Aim: a yak (heavily wounded, wandering, hasn't noticed you)
The magic dart hits the yak but does no damage.
The yak bellows!
You feel sick.
You are no longer poisoned.
Aim: a yak (heavily wounded, wandering, hasn't noticed you)
The magic dart hits the yak.
The yak bellows!
Aim: a yak (heavily wounded, wandering, hasn't noticed you)
The magic dart hits the yak.
You flicker back into view.
Aim: a yak (heavily wounded)
The magic dart hits the yak.
Aim: a yak (severely wounded)
The magic dart hits the yak.
Aim: a yak (severely wounded)
The magic dart hits the yak.
Aim: a yak (severely wounded)
The magic dart hits the yak.
The yak gores you but does no damage.
Aim: a yak (severely wounded)
The magic dart hits the yak but does no damage.
The yak gores you.
* * * LOW HITPOINT WARNING * * *
A shadowy apparition takes form in the air.
The yak gores you!
You die...

..# #............##.# #..#..
#
.............#..#.######.##.>
≈....[........#.......##.##..
≈.#.............#...#.##.....
≈............##..............
...............###.#........
.##########..........##.####
#######..........#...
#..5@Y)†.............
.....#####.............. .##
#.###..........
##5......#......
...####...##...#.>....
.......5..##.§.#......
....$.Y#######.#......
../.Y.# #.#...... ....Y#
#.##5####


You could see a yak and a friendly shadow imp (summoned).

Vanquished Creatures
  A two-headed ogre (D:6)
  5 yaks (D:8)
  A sky beast (D:7)
  2 ogres (D:7)
  2 phantoms
  3 centaurs
  A bullfrog (D:6)
  2 scorpions
  2 jellies
  4 crimson imps
  4 hounds
  6 orc priests
  A centaur skeleton (D:4)
  2 orc wizards
  2 worker ants
  A howler monkey zombie (D:8)
  3 gnolls (D:7)
  10 adders
  A shadow imp (D:8)
  2 oozes
  An adder skeleton (D:8)
  A worm (D:3)
  3 leopard geckos
  17 orcs
  8 bats
  5 giant cockroaches
  12 goblins
  6 hobgoblins (D:3)
  8 jackals
  6 quokkas
  2 frilled lizards (D:3)
  8 kobolds
  A leopard gecko skeleton (D:6)
  7 rats
140 creatures vanquished.

Vanquished Creatures (collateral kills)
  Pikel (D:5)
  A wyvern (D:8)
  An ice beast (D:8)
  2 ogres
  A bullfrog (D:7)
  An orc wizard (D:7)
  A worker ant zombie (D:8)
  2 orcs
  A ball python (D:4)
  2 goblins (D:4)
13 creatures vanquished.

Vanquished Creatures (others)
  A slave (D:5)
  A scorpion (D:5)
  A crimson imp (D:5)
  An orc priest (D:5)
  An orc wizard (D:5)
  An orc (D:5)
6 creatures vanquished.

Grand Total: 159 creatures vanquished

Notes
Turn   | Place    | Note
-------+----------+-------------------------------------------
     0 | D:1      | vurker the Demigod Wizard began the quest for the Orb.
     0 | D:1      | Reached XP level 1. HP: 14/14 MP: 6/6
    25 | D:1      | Reached skill level 1 in Conjurations
   322 | D:1      | Reached XP level 2. HP: 22/22 MP: 1/8
   926 | D:2      | Reached skill level 3 in Spellcasting
  1493 | D:2      | Reached skill level 1 in Fighting
  1493 | D:2      | Reached XP level 3. HP: 23/28 MP: 0/10
  1871 | D:2      | Learned a level 2 spell: Call Imp
  1874 | D:2      | Learned a level 2 spell: Blink
  2470 | D:3      | Found a hide-covered altar of Uskayaw.
  2471 | D:3      | Found a shattered altar of Ashenzari.
  2471 | D:3      | Found a white marble altar of Elyvilon.
  2473 | D:3      | Found an ancient bone altar of Kikubaaqudgha.
  2490 | D:3      | Reached XP level 4. HP: 33/35 MP: 1/12
  2778 | D:3      | You fall into a shaft and drop 3 floors!
  2826 | D:5      | Entered Level 5 of the Dungeon
  3953 | D:4      | Reached XP level 5. HP: 39/41 MP: 8/14
  3996 | D:4      | Found a staircase to the Ecumenical Temple.
  4006 | D:4      | Found Qobav's Jewellery Shoppe.
  4101 | D:4      | Reached skill level 4 in Spellcasting
  4601 | D:4      | Found a radiant altar of Vehumet.
  4613 | D:4      | Noticed an ogre
  4641 | D:4      | Killed an ogre
  4809 | D:5      | Noticed a slave
  4809 | D:5      | Noticed a slave
  4810 | D:5      | Noticed Pikel
  5082 | D:5      | Noticed a phantom
  5095 | D:5      | Killed a phantom
  5095 | D:5      | Reached XP level 6. HP: 43/50 MP: 5/16
  5263 | D:5      | Killed Pikel
  5263 | D:5      | Reached skill level 5 in Spellcasting
  5263 | D:5      | Reached XP level 7. HP: 38/57 MP: 10/19
  5752 | D:5      | Found a stormy altar of Qazlal.
  5758 | D:5      | Found an opulent altar of Gozag.
  5868 | D:5      | Found a snail-covered altar of Cheibriados.
  5987 | D:6      | Reached skill level 6 in Spellcasting
  6266 | D:6      | Reached XP level 8. HP: 29/66 MP: 12/21
  6665 | D:6      | Noticed a two-headed ogre
  6701 | D:6      | Killed a two-headed ogre
  6701 | D:6      | Reached skill level 7 in Spellcasting
  6701 | D:6      | Reached skill level 5 in Conjurations
  6943 | D:6      | Found a bloodstained altar of Trog.
  7080 | D:6      | Found a shattered altar of Ashenzari.
  7159 | D:6      | Reached skill level 5 in Fighting
  7415 | D:6      | Found a shadowy altar of Dithmenos.
  8183 | D:7      | Reached XP level 9. HP: 50/74 MP: 15/24
  8380 | D:7      | Found a burning altar of Makhleb.
  8711 | D:7      | Found a blossoming altar of Fedhas.
  8922 | D:7      | Reached skill level 8 in Spellcasting
  9012 | D:7      | Found a glowing golden altar of the Shining One.
  9977 | D:8      | Slain by a yak

Illustrated notes

Levels and vault maps discovered:
D:1:      dpeg_arrival_rooms_a, layout_basic, minmay_tetromino_i2
D:2:      layout_loops_corners, kennysheep_generic_room_9
D:3:      layout_basic, chequers_temple_overflow_statue_of_worship, first_ration
D:4:      layout_basic, kennysheep_mini, minmay_temple_entry_statues_pillars,
          serial_shops, nicolae_shop_crystal, minmay_ogre_servants
D:5:      layout_rooms, nicolae_overflow_hidden_temple, minitemple, uniq_pikel
D:6:      minmay_spotlight, layout_loops_corners, kennysheep_little_box,
          grunt_dithmenos_smoke, ashenzari_altar_1
D:7:      layout_basic, lemuel_doored_altar, nicolae_overflow_crystal_walls,
          grunt_ogre_cave, bloody_makhleb
D:8:      layout_rooms, kennysheep_mini_moat, chequers_arboretum

Skill      XL: |  1  2  3  4  5  6  7  8  9 |
---------------+----------------------------+-----
Conjurations   | 1 2 3 4 5 6 |  6.6
Spellcasting   | 3 4 5 6 7 8 |  8.8
Fighting       | 1 2 3 4 5 6 |  6.2
Dodging        | |  1.7
Stealth        | |  1.7
Summonings     | |  0.8
Translocations | |  0.8

Action                   |  1- 3 |  4- 6 |  7- 9 || total
-------------------------+-------+-------+-------++-------
Melee: Dagger            |    14 |    24 |       ||    38
       Whip              |       |       |    89 ||    89
 Cast: Magic Dart        |    97 |   127 |   238 ||   462
       Call Imp          |       |    12 |    16 ||    28
       Blink             |       |       |     2 ||     2
Evoke: Wand              |       |     1 |     5 ||     6
  Use: Scroll            |       |       |    11 ||    11
       Potion            |       |       |     5 ||     5
 Stab: Sleeping          |       |       |     1 ||     1
       Invisible         |       |       |     2 ||     2
  Eat: Chunk             |     5 |     8 |    14 ||    27
Armor: Robe              |    12 |     5 |    39 ||    56
       Skin              |       |       |    18 ||    18
Dodge: Dodged            |    38 |    44 |    94 ||   176

Table legend:
 A = Non-vault XP
 B = Vault XP
 C = Vault XP percentage of total XP
 D = Non-vault monster count
 E = Vault monster count
 F = Vault count percentage of total count
                 A         B        C        D         E       F
            +---------+---------+-------+---------+---------+-------
      Total |    4084 |     969 |  19.2 |     133 |      20 |  13.1
            +---------+---------+-------+---------+---------+-------
        D:1 |      18 |       4 |  18.2 |       9 |       2 |  18.2
        D:2 |      57 |      13 |  18.6 |      13 |       1 |   7.1
        D:3 |      41 |       0 |   0.0 |      24 |       0 |   0.0
        D:4 |     192 |      73 |  27.5 |      17 |       9 |  34.6
        D:5 |     303 |     599 |  66.4 |      15 |       1 |   6.2
        D:6 |    1518 |     164 |   9.8 |      17 |       6 |  26.1
        D:7 |     621 |     116 |  15.7 |      14 |       1 |   6.7
        D:8 |    1334 |       0 |   0.0 |      24 |       0 |   0.0
            +---------+---------+-------+---------+---------+-------
